 Dungeon Crawl Stone Soup version 0.23.2-30-g0e89c35 (webtiles) character file.

Game seed: 4404710875055225254

1607 Fang the Skirmisher (level 8, -7/78 HPs)
             Began as a Gargoyle Berserker on June 13, 2019.
             Was a Priest of Trog.
             Mangled by an ogre
             ... wielding a +0 giant spiked club
              (12 damage)
             ... on level 7 of the Dungeon.
             The game lasted 00:05:05 (5649 turns).

Fang the Skirmisher (Gargoyle Berserker)            Turns: 5649, Time: 00:05:06

Health: -7/78      AC:  9    Str: 28    XL:     8   Next: 95%
Magic:  8/8        EV: 13    Int:  8    God:    Trog [***...]
Gold:   334        SH:  0    Dex:  9    Spells: 7/7 levels left

rFire    . . .     SeeInvis .   a - +0 war axe
rCold    . . .     Gourm    .   (no shield)
rNeg     + . .     Faith    .   b - +1 animal skin
rPois    ∞         Spirit   .   (no helmet)
rElec    +         Reflect  .   (no cloak)
rCorr    +         Harm     .   (no gloves)
MR       .....                  (no boots)
Stlth    ..........             l - amulet of rage
HPRegen  0.23/turn              e - ring of flight
MPRegen  0.11/turn              p - ring of resist corrosion

@: berserking, very quick
A: negative energy resistance 1, electricity resistance, unbreathing,
petrification resistance, rot immunity, AC +5
a: Berserk, Trog's Hand, Renounce Religion, Evoke Berserk Rage, Evoke Flight


You were on level 7 of the Dungeon.
You worshipped Trog.
Trog was most pleased with you.
You were near starving.

You visited 2 branches of the dungeon, and saw 8 of its levels.

You collected 334 gold pieces.

Inventory:

Hand Weapons
 a - a +0 war axe (weapon)
Armour
 b - a +1 animal skin (worn)
Jewellery
 e - a ring of flight (left hand)
 l - an amulet of rage (around neck)
 p - a ring of resist corrosion (right hand)
Scrolls
 f - 6 scrolls of identify
 h - 2 scrolls of teleportation {unknown}
 n - a scroll of immolation {unknown}
 q - a scroll of blinking {unknown}
 r - a scroll of magic mapping {unknown}
 s - a scroll of remove curse
 v - 2 scrolls of enchant weapon {unknown}
Potions
 d - a potion of flight {unknown}
 g - 3 potions of haste {unknown}
 i - 2 potions of invisibility {unknown}
 j - 4 potions of curing {unknown}
 k - a potion of resistance {unknown}
 m - a potion of degeneration {unknown}
 o - a potion of might {unknown}
 t - a potion of heal wounds {unknown}
Comestibles
 c - 13 rations


   Skills:
 + Level 6.8 Fighting
 + Level 5.6 Axes
 + Level 6.3 Armour
 + Level 4.8 Dodging


You had 7 spell levels left.
You didn't know any spells.
Your spell library was empty.

Dungeon Overview and Level Annotations

Branches:
Dungeon (7/15)             Temple (1/1) D:4

Altars:
Ashenzari
Dithmenos
Nemelex Xobeh
Uskayaw
Zin

Shops:
D:5 [


Innate Abilities, Weirdness & Mutations

You are resistant to torment.
Your stone body is resilient. (AC +5)
You are immune to poison.
You resist negative energy. (rN+)
You are resistant to electric shocks. (rElec)
You can survive without breathing.
You are immune to petrification.
You are immune to rotting.


Message History

No reachable target in view!
No reachable target in view!
No reachable target in view!
No reachable target in view!
No reachable target in view!
No reachable target in view!
The ogre hits you with a +0 giant spiked club!
You barely miss the ogre. You slash the ogre!
The ogre is heavily wounded.
The ogre hits you with a +0 giant spiked club!!
Ouch! That really hurt!
* * * LOW HITPOINT WARNING * * *
You are too injured to fight recklessly!
You are too injured to fight recklessly!
A red film seems to cover your vision as you go berserk!
You feel yourself moving faster!
You feel mighty!
You are near starving!
The ogre hits you with a +0 giant spiked club!
You die...

#######
#######...#######
##...###...###...##
##....###...###....##
##..#..##.....##..#..##
#..##..#...#...#O.##..#
#..###....###..@.###..#
#))###....###....###..#
##.)####...###...####..#
..(.################ ...
...## .. ..## #...#
#+###


You could see an ogre.

Vanquished Creatures
  Pikel (D:5)
  An ice beast (D:6)
  2 centaurs
  2 bullfrogs (D:6)
  A big kobold (D:7)
  A wyvern zombie (D:6)
  A water moccasin zombie (D:5)
  2 crimson imps (D:6)
  2 hounds
  A jelly (D:6)
  A bullfrog skeleton (D:6)
  A centaur skeleton (D:4)
  An iguana (D:4)
  2 orc wizards
  2 hound skeletons (D:6)
  A gnoll (D:1)
  10 adders
  A shadow imp (D:5)
  3 worms
  3 dart slugs
  7 leopard geckos
  14 orcs
  6 bats
  4 giant cockroaches
  9 goblins
  6 hobgoblins
  9 jackals
  A quokka (D:4)
  2 ball pythons
  7 frilled lizards
  14 kobolds
  A leopard gecko zombie (D:5)
  A quokka skeleton (D:5)
  8 rats
128 creatures vanquished.

Vanquished Creatures (others)
  A slave (D:5)
  A scorpion (D:5)
  A shadow imp (D:5)
3 creatures vanquished.

Grand Total: 131 creatures vanquished

Notes
Turn   | Place    | Note
-------+----------+-------------------------------------------
     0 | D:1      | Fang the Gargoyle Berserker began the quest for the Orb.
     0 | D:1      | Reached XP level 1. HP: 14/14 MP: 1/1
   146 | D:1      | Reached XP level 2. HP: 13/19 MP: 2/2
   447 | D:1      | Reached XP level 3. HP: 23/23 MP: 3/3
   951 | D:2      | Reached XP level 4. HP: 24/29 MP: 4/4
   972 | D:2      | Reached ** piety under Trog
  1231 | D:2      | Reached XP level 5. HP: 19/33 MP: 5/5
  2503 | D:4      | Reached XP level 6. HP: 29/39 MP: 6/6
  2686 | D:4      | Reached *** piety under Trog
  2904 | D:4      | Found a hide-covered altar of Uskayaw.
  2908 | D:4      | Found a glowing silver altar of Zin.
  3320 | D:4      | Found a staircase to the Ecumenical Temple.
  3327 | Temple   | Entered the Ecumenical Temple
  3392 | D:5      | Entered Level 5 of the Dungeon
  3396 | D:5      | Noticed a slave
  3397 | D:5      | Noticed a slave
  3397 | D:5      | Noticed Pikel
  3400 | D:5      | Noticed a slave
  3404 | D:5      | Noticed a slave
  3416 | D:5      | Killed Pikel
  3416 | D:5      | Reached skill level 5 in Fighting
  3416 | D:5      | Reached skill level 5 in Armour
  3416 | D:5      | Reached XP level 7. HP: 36/44 MP: 7/7
  3481 | D:5      | Found a shattered altar of Ashenzari.
  3496 | D:5      | Found Moivatoa's Armour Shop.
  3818 | D:5      | Reached XP level 8. HP: 44/51 MP: 8/8
  4057 | D:5      | Found a shadowy altar of Dithmenos.
  4489 | D:6      | Reached skill level 5 in Axes
  5649 | D:7      | Mangled by an ogre

Skill      XL: |  1  2  3  4  5  6  7  8 |
---------------+-------------------------+-----
Axes           | 3 4 5 |  5.6
Dodging        | 2 3 4 |  4.8
Armour         | 3 5 6 |  6.3
Fighting       | 4 5 6 |  6.8

Action                   |  1- 3 |  4- 6 |  7- 9 || total
-------------------------+-------+-------+-------++-------
Melee: Hand axe          |    96 |   226 |    40 ||   362
       War axe           |       |       |   137 ||   137
Invok: Berserk           |     1 |     3 |     3 ||     7
       Trog's Hand       |       |       |     1 ||     1
  Use: Scroll            |     4 |       |       ||     4
  Eat: Chunk             |     1 |    10 |     7 ||    18
       Ration            |       |       |     1 ||     1
Armor: Animal skin       |    36 |   121 |    76 ||   233
Dodge: Dodged            |    76 |   177 |   142 ||   395
